Map: Lockdown LE

Players

MeroHarine - Winner!

  • Race: Terran Terran
  • League: Master
  • Spawn Location: 7:00

Nicoract

  • Race: Terran Terran
  • League: Grandmaster
  • Spawn Location: 1:00

VOD

https://www.youtube.com/watch?v=sqfEmGLdfPg

Description

Time

  • Played on: June 24, 2026, 5:07 p.m.
  • Length: 8:01
Show
View Real Time Build Order
Export as new Build Order

MeroHarine Terran - Winner!

Build Orders: Reaper Expand 

Get SALT Encoding   

  8  0:00  SCV  
  9  0:12  SCV  
  10  0:24  SCV  
  10  0:27  Supply Depot  
  11  0:36  SCV  
  12  0:48  SCV  
  13  0:54  Barracks  
  13  1:00  Refinery  
  13  1:04  SCV  
  14  1:17  SCV  
  15  1:29  SCV  
  16  1:41  Orbital Command  
  16  1:43  Reaper  
  17  2:07  SCV  
  18  2:14  Command Center  
  18  2:16  Reaper  
  18  2:21  SCV  
  20  2:27  Supply Depot  
  20  2:33  SCV  
  20  2:41  Factory  
  19  2:45  SCV  
  19  2:48  Marine  
  21  2:55  Refinery  
  21  2:57  SCV  
  22  3:06  Marine  
  22  3:09  SCV  
  24  3:21  SCV  
  24  3:24  Marine, Hellion  
  27  3:33  SCV  
  27  3:38  Starport  
  27  3:41  Orbital Command  
  26  3:42  Marine  
  25  3:51  Hellion, SCV  
  28  4:00  Barracks Tech Lab  
  28  4:04  SCV  
  28  4:08  SCV  
  29  4:16  SCV  
  30  4:20  SCV  
  30  4:23  Cyclone  
  34  4:25  Starport Tech Lab  
  34  4:26  Barracks Reactor  
  34  4:28  SCV  
  35  4:32  SCV  
  35  4:33  Supply Depot  
  35  4:38  Refinery  
  36  4:40  SCV  
  36  4:45  SCV, Raven  
  40  4:52  SCV  
  41  4:56  Supply Depot, Siege Tank  
  41  4:57  SCV  
  45  5:01  Interference Matrix  
  45  5:02  Marine x2  
  45  5:04  SCV  
  48  5:09  SCV  
  49  5:16  SCV  
  49  5:17  Supply Depot  
  49  5:19  Raven  
  49  5:20  Marine x2  
  54  5:23  SCV  
  54  5:26  Supply Depot  
  55  5:28  SCV  
  55  5:34  Siege Tank  
  55  5:35  SCV  
  56  5:38  Marine x2  
  56  5:41  SCV  
  59  5:47  SCV  
  60  5:53  SCV  
  60  5:56  Command Center  
  61  6:00  SCV  
  61  6:02  Supply Depot  
  62  6:04  Viking x2  
  62  6:05  SCV  
  62  6:06  Siege Tank, Marine  
  71  6:12  SCV, Refinery  
  71  6:17  Supply Depot, SCV  
  73  6:20  Stimpack  
  73  6:24  Marine, SCV  
  75  6:28  Supply Depot  
  75  6:29  SCV  
  76  6:36  SCV  
  76  6:38  Siege Tank  
  80  6:41  SCV  
  80  6:42  Viking  
  83  6:49  Viking  
  83  6:51  Marine  
  87  6:54  Barracks  
  87  6:55  SCV, Barracks  
  87  7:00  SCV, Engineering Bay  
  88  7:02  Engineering Bay  
  88  7:05  Supply Depot  
  88  7:07  SCV  
  89  7:09  Marine, Orbital Command  
  90  7:19  Siege Tank  
  93  7:23  Viking x2  
  93  7:24  SCV  
  93  7:25  SCV  
  99  7:30  Marine  
  99  7:36  SCV  
  99  7:37  SCV  
  102  7:40  Barracks  
  102  7:42  Barracks  
  102  7:45  SCV  
  102  7:49  SCV  
Show
View Real Time Build Order
Export as new Build Order

Nicoract Terran 

Build Orders:  

Get SALT Encoding   

  8  0:00  SCV  
  9  0:12  SCV  
  10  0:24  SCV  
  10  0:28  Supply Depot  
  11  0:36  SCV  
  12  0:48  SCV  
  13  0:53  Barracks  
  13  1:00  Refinery  
  13  1:06  SCV  
  14  1:15  Refinery  
  14  1:18  SCV  
  15  1:30  SCV  
  16  1:42  Orbital Command  
  16  1:44  Reaper  
  17  2:02  Factory  
  17  2:08  SCV  
  18  2:13  Supply Depot  
  18  2:20  SCV  
  19  2:23  Reaper  
  20  2:36  SCV  
  21  2:45  Command Center  
  22  2:52  Hellion  
  22  2:55  Reaper  
  24  2:59  SCV  
  24  3:05  Supply Depot  
  25  3:11  SCV  
  26  3:13  Hellion  
  28  3:28  SCV  
  29  3:36  Factory Tech Lab, Starport  
  28  3:41  SCV  
  28  3:42  Barracks Reactor  
  27  3:55  SCV  
  28  3:58  Cyclone  
  31  4:03  Refinery  
  31  4:05  SCV  
  32  4:15  Starport Tech Lab  
  29  4:20  Orbital Command  
  29  4:21  SCV  
  29  4:22  Marine x2  
  31  4:30  Cyclone  
  34  4:33  SCV  
  35  4:40  Marine x2  
  35  4:41  Raven  
  35  4:43  Supply Depot  
  39  4:46  SCV x2  
  39  4:48  Interference Matrix  
  41  4:58  SCV x2  
  43  5:10  SCV x2  
  45  5:15  Command Center  
  45  5:16  Raven  
  45  5:19  Stimpack  
  47  5:23  SCV x2  
  47  5:27  Supply Depot  
  49  5:35  SCV  
  50  5:36  SCV  
  50  5:42  Factory Reactor  
  51  5:43  Barracks x2  
  51  5:45  Marine  
  51  5:48  SCV x2  
  54  5:52  Supply Depot  
  54  6:00  SCV x2, Starport Reactor  
  56  6:08  Marine  
  56  6:09  Engineering Bay x2  
  57  6:14  SCV x2  
  59  6:19  Refinery, Supply Depot  
  53  6:26  SCV x2  
  53  6:28  Orbital Command  
  53  6:31  Marine x3  
  58  6:37  Marine  
  58  6:38  Marine  
  60  6:44  SCV x2  
  62  6:50  Medivac x2  
  66  7:00  Marine x4  
  66  7:01  Marine  
  71  7:02  Siege Tank  
  74  7:09  SCV  
  74  7:11  SCV, Supply Depot  
  76  7:18  Marine x5  
  76  7:20  Medivac  
  76  7:22  Medivac  
  83  7:34  SCV x2, Supply Depot  
  83  7:35  Supply Depot  
  88  7:38  Marine  
  88  7:40  Marine  
  88  7:42  Marine  
Tags
 
Add a new tag
Caveats
  • Supply blocks, unpowered buildings, or Contaminate may cause inaccurate times.
  • Supply counts are checked every 10 seconds.